 Dungeon Crawl Stone Soup version 0.22-a0-135-g6f012ad (webtiles) character file.

825 Lathuz the Conjurer (level 7, 0/36 HPs)
             Began as a Deep Elf Fire Elementalist on Feb 1, 2018.
             Was an Initiate of Vehumet.
             Slain by a killer bee (7 damage)
             ... on level 4 of the Dungeon.
             The game lasted 00:14:59 (5490 turns).

Lathuz the Conjurer (Deep Elf Fire Elementalist)    Turns: 5490, Time: 00:14:59

Health: 0/36       AC:  2    Str:  5    XL:     7   Next: 64%
Magic:  3/18       EV: 13    Int: 22    God:    Vehumet [......]
Gold:   111        SH:  0    Dex: 15    Spells: 3/18 levels left

rFire    . . .     SeeInvis .   i - -3 dagger (curse)
rCold    . . .     Gourm    .   (no shield)
rNeg     . . .     Faith    .   a - +0 robe
rPois    .         Spirit   .   (no helmet)
rElec    .         Reflect  .   (no cloak)
rCorr    .         Harm     +   (no gloves)
MR       .....                  (no boots)
Stlth    ++........             m - amulet of harm
HPRegen  0.12/turn              (no ring)
MPRegen  0.16/turn              (no ring)

@: lethally poisoned (0 -> -6)
A: no striking features
a: Renounce Religion


You were on level 4 of the Dungeon.
You worshipped Vehumet.
Vehumet was noncommittal.
You were near starving.

You visited 2 branches of the dungeon, and saw 5 of its levels.

You collected 111 gold pieces.

Inventory:

Hand Weapons
 f - a +1 short sword
 i - a cursed -3 dagger (weapon)
Missiles
 g - 194 stones (quivered)
Armour
 a - a +0 robe (worn)
 A - a +0 buckler
Jewellery
 m - an amulet of harm (around neck)
 s - an uncursed ring of protection from magic {unknown}
 z - an uncursed ring of stealth {unknown}
Wands
 y - a wand of acid (9)
Scrolls
 d - 4 scrolls of identify
 u - a scroll of noise
 v - 2 scrolls of enchant weapon
 w - a scroll of fog
Potions
 e - a potion of ambrosia
 h - 6 potions of flight {unknown}
 j - a potion of magic {unknown}
 k - a potion of mutation {unknown}
 l - 3 potions of might {unknown}
 n - a potion of curing {unknown}
 p - 2 potions of heal wounds {unknown}
 q - 3 potions of haste {unknown}
 r - a potion of agility {unknown}
 t - a potion of berserk rage {unknown}
Books
 b - a book of Flames

   Spells                             Type                      Level
   a - Flame Tongue                   Conjuration/Fire             1
   b - Throw Flame                    Conjuration/Fire             2
   c - Conjure Flame                  Conjuration/Fire             3
   d - Inner Flame                    Hexes/Fire                   3
   e - Sticky Flame                   Conjuration/Fire             4
   f - Fireball                       Conjuration/Fire             5
 o - a book of Maledictions

   Spells                             Type                      Level
   a - Corona                         Hexes                        1
   b - Ensorcelled Hibernation        Hexes/Ice                    2
   c - Confuse                        Hexes                        3
   d - Tukima's Dance                 Hexes                        3
   e - Dazzling Spray                 Conjuration/Hexes            3
Comestibles
 c - 7 rations


   Skills:
 - Level 2.4 Dodging
 - Level 2.4 Stealth
 + Level 6.3 Spellcasting
 * Level 6.7 Conjurations
 + Level 5.7 Fire Magic


You had 3 spell levels left.
You knew the following spells:

 Your Spells              Type           Power        Failure   Level  Hunger
a - Flame Tongue          Conj/Fire      ####.        1%          1    None
b - Throw Flame           Conj/Fire      ####..       1%          2    None
c - Sticky Flame          Conj/Fire      ####....     7%          4    ###....
d - Fireball              Conj/Fire      ####......   19%         5    #####..
e - Conjure Flame         Conj/Fire      ####....     1%          3    #......


Dungeon Overview and Level Annotations

Branches:
Dungeon (4/15)             Temple (1/1) D:4

Altars:
Ashenzari
Cheibriados
Dithmenos
Elyvilon
Fedhas
Gozag
Hepliaklqana
Kikubaaqudgha
Makhleb
Nemelex Xobeh
Okawaru
Qazlal
Ru
Sif Muna
Trog
Uskayaw
Vehumet
Wu Jian
Xom
Yredelemnul
Zin
The Shining One

Annotations:
D:3 2 transporters


Message History

Aiming: Flame Tongue (safe; 1% risk of failure)
Press: ? - help, Shift-Dir - straight line, f/p - killer bee
Aim: a killer bee (lightly wounded)
The flame tongue hits the killer bee.
The killer bee is almost dead.
You feel sick. The killer bee barely misses you. The killer bee stings you!
The killer bee misses you.
Casting: Flame Tongue (safe; 1% risk of failure)
Confirm with . or Enter, or press ? or * to list all spells.
Aiming: Flame Tongue (safe; 1% risk of failure)
Press: ? - help, Shift-Dir - straight line, f/p - killer bee
Aim: a killer bee (almost dead)
The flame tongue hits the killer bee.
You kill the killer bee!
Vehumet accepts your kill.
You feel sick. The killer bee stings you! The killer bee stings you.
* * * LOW HITPOINT WARNING * * *
The killer bee completely misses you. The killer bee stings you.
You die...

###..†....# ####### #
#........########.....###
#........####.........'..
#........'............###
#..).....####.##......###
#........# #.##.......##
#........# #.##.......##
....[..y.####.#+.......##
.......y@.....##.......##
.†##############.......##
#.......## ####'#####
#<##... ####... #... #...
####


You could see 2 killer bees.

Vanquished Creatures
  The ghost of anet the Magician, an amateur DEWz (D:3)
  Sigmund (D:4)
  A centaur (D:3)
  3 killer bees (D:4)
  A hound (D:4)
  Natasha (thrice) (D:4)
  An iguana (D:4)
  A worker ant (D:4)
  5 adders
  An ooze (D:2)
  2 worms
  4 dart slugs
  7 leopard geckos
  6 bats
  4 giant cockroaches
  5 goblins
  12 hobgoblins
  12 jackals
  3 quokkas (D:2)
  9 frilled lizards
  7 kobolds
  A leopard gecko skeleton (D:4)
  A quokka skeleton (D:4)
  5 rats
96 creatures vanquished.

Vanquished Creatures (others)
  A wizard (D:3)
1 creature vanquished.

Grand Total: 97 creatures vanquished

Notes
Turn   | Place    | Note
-------+----------+-------------------------------------------
     0 | D:1      | Lathuz the Deep Elf Fire Elementalist began the quest for the Orb.
     0 | D:1      | Reached XP level 1. HP: 10/10 MP: 6/6
   259 | D:1      | Reached XP level 2. HP: 15/15 MP: 5/8
   615 | D:1      | Learned a level 2 spell: Throw Flame
  1046 | D:1      | Reached XP level 3. HP: 19/19 MP: 2/10
  2350 | D:2      | Reached XP level 4. HP: 24/24 MP: 8/11
  2872 | D:2      | Found a shadowy altar of Dithmenos.
  3354 | D:3      | Found a transporter.
  3401 | D:3      | Noticed anet's ghost (amateur DEWz)
  3416 | D:3      | Killed anet's ghost
  3416 | D:3      | Reached XP level 5. HP: 19/28 MP: 1/14
  3416 | D:3      | Reached XP level 6. HP: 21/32 MP: 1/15
  3581 | D:3      | Found a transporter.
  3590 | D:3      | Learned a level 4 spell: Sticky Flame
  3596 | D:3      | Learned a level 5 spell: Fireball
  3736 | D:3      | Reached skill level 5 in Spellcasting
  3808 | D:3      | Found a bloodstained altar of Trog.
  3809 | D:3      | Noticed a wizard
  3815 | D:3      | Killed a wizard
  3949 | D:3      | Reached skill level 5 in Conjurations
  4361 | D:4      | Noticed Natasha
  4369 | D:4      | Killed Natasha
  4369 | D:4      | Reached skill level 5 in Fire Magic
  4553 | D:4      | Found a staircase to the Ecumenical Temple.
  4564 | Temple   | Entered the Ecumenical Temple
  4656 | Temple   | Became a worshipper of Vehumet
  4680 | D:4      | Noticed Natasha
  4681 | D:4      | Killed Natasha
  4823 | D:4      | Reached XP level 7. HP: 36/36 MP: 13/17
  4854 | D:4      | Learned a level 3 spell: Conjure Flame
  4884 | D:4      | Noticed Sigmund
  4998 | D:4      | Killed Sigmund
  5411 | D:4      | Noticed Natasha
  5414 | D:4      | Killed Natasha
  5490 | D:4      | Slain by a killer bee

Vault maps used:
D:1:      dpeg_arrival_windows_large_door, hangedman_decor_growths
D:2:      nicolae_dithmenos_through_a_glass_darkly
D:3:      gammafunk_wand_slinger, first_ration, trog_wizard
D:4:      minmay_temple_entry_trees, uniq_sigmund, uniq_natasha
Temple:   dpeg_three_leaves_temple

Skill      XL: |  1  2  3  4  5  6  7 |
---------------+----------------------+-----
Conjurations   | 2 3 4 5 6 |  6.7
Spellcasting   | 4 5 6 |  6.3
Fire Magic     | 4 5 |  5.7
Dodging        | |  2.4
Stealth        | |  2.4

Action                   |  1- 3 |  4- 6 |  7- 9 || total
-------------------------+-------+-------+-------++-------
Throw: Stone             |     2 |     8 |       ||    10
 Cast: Flame Tongue      |    54 |    27 |     8 ||    89
       Throw Flame       |    34 |    49 |    15 ||    98
       Sticky Flame      |       |     1 |       ||     1
       Conjure Flame     |       |       |     1 ||     1
  Use: Scroll            |     2 |     4 |     1 ||     7
  Eat: Chunk             |     5 |     8 |     1 ||    14
Armor: Robe              |     4 |     1 |     1 ||     6
Dodge: Dodged            |    23 |     8 |     5 ||    36

Table legend:
 A = Spawn XP
 B = Non-spawn XP
 C = Spawn XP percentage of total XP
 D = Spawn monster count
 E = Non-spawn monster count
 F = Spawn count percentage of total count
 G = Total turns spent on level
                    A         B        C        D         E        F      G
               +---------+---------+-------+---------+---------+-------+---------
         Total |       0 |    1179 |   0.0 |       0 |      96 |   0.0 |  5490
               +---------+---------+-------+---------+---------+-------+---------
           D:1 |       0 |      70 |   0.0 |       0 |      37 |   0.0 |  1799
           D:2 |       0 |      49 |   0.0 |       0 |      18 |   0.0 |  1209
           D:3 |       0 |     413 |   0.0 |       0 |      22 |   0.0 |  1300
           D:4 |       0 |     647 |   0.0 |       0 |      19 |   0.0 |  1076
               +---------+---------+-------+---------+---------+-------+---------
